 Dungeon Crawl Stone Soup version 0.29-a0-517-gbdf32494f2 (webtiles) character file.

Game seed: 14152849741840163663

206 porpoise the Shooter (level 6, 0/47 HPs)
             Began as a Human Arcane Marksman on May 30, 2022.
             Slain by a lemure (5 damage)
             ... led by Pikel
             ... on level 4 of the Dungeon on May 31, 2022.
             The game lasted 00:15:06 (4631 turns).

porpoise the Shooter (Human Arcane Marksman)        Turns: 4631, Time: 00:15:07

Health: 0/47       AC:  6    Str: 13    XL:     6   Next: 10%
Magic:  7/7        EV: 12    Int: 13    God:
Gold:   191        SH:  0    Dex: 15    Spells: 6/7 levels left

rFire   . . .      SeeInvis .   b - +3 short sword
rCold   . . .      Faith    .   (no shield)
rNeg    . . .      Spirit   .   j - +0 leather armour
rPois   .          Reflect  .   (helmet restricted)
rElec   .          Harm     .   (no cloak)
rCorr   .          Rampage  .   i - +0 pair of gloves
Will    .....                   (no boots)
Stlth   ++........              (no amulet)
HPRegen 0.95/turn               (no ring)
MPRegen 0.10/turn               (no ring)

@: no status effects
A: antennae 1, iridescent scales 1, regeneration 1, strong 1
a: no special abilities


You were on level 4 of the Dungeon.
You visited 1 branch of the dungeon, and saw 4 of its levels.

You collected 191 gold pieces.

Inventory:

Hand Weapons
 a - a +1 shortbow
 b - a +3 short sword (weapon)
Missiles
 d - 3 poisoned darts
 k - 4 boomerangs
Armour
 i - a +0 pair of gloves (worn)
 j - a +0 leather armour (worn)
 p - a +0 scale mail
Scrolls
 c - 2 scrolls of vulnerability
 e - a scroll of enchant weapon
 f - a scroll of amnesia {unknown}
 g - 5 scrolls of teleportation
 h - a scroll of torment
 n - a scroll of identify {unknown}
 r - a scroll of noise {unknown}
Potions
 o - a potion of curing


   Skills:
 * Level 3.5 Fighting
 * Level 3.9 Bows
 - Level 2.0 Dodging
 + Level 2.4 Stealth
 - Level 1.0 Spellcasting
 - Level 3.0 Hexes


You had 6 spell levels left.
You knew the following spells:

 Your Spells              Type           Power      Damage    Failure   Level
a - Slow                  Hex            32%        N/A       11%         1

Your spell library contained the following spells:

 Spells                   Type           Power      Damage    Failure   Level
 Sandblast                Erth           0%         2d4       34%         1
 Passwall                 Tmut/Erth      0%         N/A       47%         2
 Static Discharge         Conj/Air       0%         N/A       47%         2
 Inner Flame              Hex/Fire       4%         N/A       50%         3
 Portal Projectile        Hex/Tloc       8%         N/A       50%         3
 Stone Arrow              Conj/Erth      0%         3d7       71%         3
 Cause Fear               Hex            4%         N/A       71%         4
 Dispel Undead            Necr           0%         3d6       98%         4
 Sticky Flame             Conj/Fire      0%         2d3       98%         4


Dungeon Overview and Level Annotations

Branches:
Dungeon (4/15)
 Temple: D:4-7

Altars:

Shops:
D:1 ([(((

Annotations:
D:4 Pikel


Innate Abilities, Weirdness & Mutations

You have a pair of small antennae on your head.
You are partially covered in iridescent scales. (AC +2)
Your natural rate of healing is unusually fast.
Your muscles are strong. (Str +2)


Message History

Pikel freezes you.
You hit Pikel but do no damage.
Pikel is lightly wounded.
Pikel misses you. The lemure hits you.
* * * LOW HITPOINT WARNING * * *
Pikel barely misses you.
It was a potion of mutation.
You feel extremely strange.
You feel stronger. A pair of antennae grows on your head!
You begin to heal more quickly.
Iridescent scales grow over part of your body.
The lemure completely misses you. The lemure hits you.
* * * LOW HITPOINT WARNING * * *
Pikel misses you.
You feel much better. Pikel barely misses you. The lemure misses you.
The lemure barely misses you. Pikel completely misses you.
It was a potion of cancellation.
You feel magically purged. The lemure hits you but does no damage.
The lemure closely misses you.
Pikel hits you with a +0 whip of freezing!
Pikel freezes you.
You barely miss Pikel.
Pikel is lightly wounded.
Pikel hits you with a +0 whip of freezing.
Pikel freezes you. The lemure hits you but does no damage. The lemure hits you.
Pikel hits you with a +0 whip of freezing.
Pikel freezes you.
It was a potion of curing.
You feel better. The lemure hits you but does no damage.
The lemure closely misses you.
Pikel hits you with a +0 whip of freezing!
* * * LOW HITPOINT WARNING * * *
Pikel freezes you.
* * * LOW HITPOINT WARNING * * *
It was a potion of magic.
Magic courses through your body. Pikel hits you but does no damage.
The lemure hits you but does no damage. The lemure hits you.
* * * LOW HITPOINT WARNING * * *
Pikel misses you.
You barely miss Pikel.
Pikel is lightly wounded.
The lemure hits you.
You die...

###.......###. .).
#........# ...
###.....## ..#
#......# #.#
##...########)##
###..###......#
##..#.....55.##
#...##...##K5.#..#
##..[#..###@5...#
##....###......#
###.###....####
### ##...# #..##
##.# ###


You could see Pikel (berserk) and 4 lemures.

Vanquished Creatures
  Terence (D:3)
  An orc wizard (D:4)
  Robin (D:2)
  4 adders
  4 worms (D:3)
  5 dart slugs
  3 orcs (D:4)
  7 endoplasms
  5 giant cockroaches
  15 goblins
  9 hobgoblins
  A jackal (D:3)
  3 kobolds
  4 quokkas
  9 ball pythons
  3 bats
  A frilled lizard (D:3)
  5 rats
81 creatures vanquished.

Vanquished Creatures (others)
  10 plants (D:3)
10 creatures vanquished.

Grand Total: 91 creatures vanquished

Notes
Turn   | Place    | Note
-------+----------+-------------------------------------------
     0 | D:1      | porpoise the Human Arcane Marksman began the quest for the
                  | Orb.
     0 | D:1      | Reached XP level 1. HP: 15/15 MP: 2/2
    60 | D:1      | Reached XP level 2. HP: 15/21 MP: 3/3
   148 | D:1      | Found Touj's Armour Boutique.
   297 | D:1      | Found Cigoic's Antique Weapon Boutique.
   313 | D:1      | Found Tudathask's Antique Weapon Shoppe.
   411 | D:1      | Found Uskuewoh's Weapon Emporium.
   448 | D:1      | Found Duff's Weapon Emporium.
   517 | D:1      | Reached XP level 3. HP: 27/27 MP: 4/4
   675 | D:2      | Reached skill level 1 in Stealth
  1530 | D:3      | Noticed Robin
  1873 | D:2      | Killed Robin
  1874 | D:2      | Reached XP level 4. HP: 4/33 MP: 0/5
  2495 | D:3      | Noticed Terence
  2505 | D:3      | Killed Terence
  2729 | D:3      | Reached XP level 5. HP: 39/40 MP: 6/6
  2765 | D:3      | Upgraded the game from 0.29-a0-512-gf59ac788ac to
                  | 0.29-a0-517-gbdf32494f2
  2816 | D:3      | Found a faded altar of an unknown god.
  4610 | D:4      | Noticed Pikel
  4615 | D:4      | Reached XP level 6. HP: 24/47 MP: 7/7
  4625 | D:4      | Gained mutation: Your muscles are strong. (Str +2) [potion
                  | of mutation]
  4625 | D:4      | Gained mutation: You have a pair of small antennae on your
                  | head. [potion of mutation]
  4625 | D:4      | Gained mutation: Your natural rate of healing is unusually
                  | fast. [potion of mutation]
  4625 | D:4      | Gained mutation: You are partially covered in iridescent
                  | scales. (AC +2) [potion of mutation]
  4631 | D:4      | Slain by a lemure

Illustrated notes

Levels and vault maps discovered:
D:1:      tarquinn_simple_flora_water_b, layout_rooms, serial_shops,
          nicolae_square_shop, nicolae_diamond_shop, nicolae_shop_statue_plus,
          nicolae_shop_statue_plus, nicolae_shop_hallway_plus, eino_curves_02
D:2:      layout_basic, minmay_octomino_j4
D:3:      minmay_chambers_of_threes, layout_loops_ring, serial_bayou,
          serial_bayou_pond_d, serial_bayou_pond_d, serial_bayou_pond_d,
          serial_bayou_lagoon_b, hellmonk_ecumenical_altar_zigzags,
          gup_sewer_entry_spiral, uniq_robin, uniq_terence
D:4:      layout_cave_pools, minitemple, minmay_temple_entry_purple_smoke,
          uniq_pikel

Skill      XL: |  1  2  3  4  5 |
---------------+----------------+-----
Stealth        | 1 2 |  2.4
Fighting       | 2 3 |  3.5
Bows           | 3 |  3.9
Dodging        | |  2.0
Spellcasting   | |  1.0
Hexes          | |  3.0

Action                   |  1- 3 |  4- 6 || total
-------------------------+-------+-------++-------
Melee: Short sword       |       |    17 ||    17
 Fire: Shortbow          |    99 |   147 ||   246
 Cast: Slow              |     6 |       ||     6
  Use: Scroll            |     1 |     3 ||     4
       Potion            |       |     7 ||     7
 Stab: Sleeping          |       |     1 ||     1
Armor: Robe              |     3 |       ||     3
       Leather armour    |    14 |    45 ||    59
Dodge: Dodged            |    34 |   114 ||   148

Table legend: (Time is in decaauts)
 A = Elapsed time spent in this place.
 B = Non-inter-level travel time spent in this place.
 C = Inter-level travel time spent in this place.
 D = Time resting spent in this place.
 E = Time spent auto-exploring this place.
 F = Levels seen in this place.
 G = Mean time per level.
                   A        B        C        D        E       F      G
               +--------+--------+--------+--------+--------+-----+--------+
         Total |   4791 |   4568 |    223 |   1874 |   1985 |   4 | 1197.8 |
       Dungeon |   4791 |   4568 |    223 |   1874 |   1985 |   4 | 1197.8 |
               +--------+--------+--------+--------+--------+-----+--------+

Top non-repeatable levels by time:
     D:2: 1847 daAuts
     D:3: 1821 daAuts
     D:1: 683 daAuts
     D:4: 438 daAuts
